[Event "2nd Serbia Open Masters 2022"]
[Site "Novi Sad"]
[Date "2022.06.30"]
[Round "3.27"]
[White "Fernandez, Daniel Howard"]
[Black "Nikolovski, Nikola"]
[Result "1-0"]
[ECO "C02"]
[WhiteElo "2503"]
[BlackElo "2372"]
[Annotator "TA"]
[PlyCount "95"]
[EventDate "2022.06.28"]
[EventType "swiss"]
[EventCountry "SRB"]
[SourceTitle "playchess.com"]
[Source "ChessBase"]
[SourceQuality "1"]
[TimeControl "40/5400+30:900+30"]

1. e4 e6 2. d4 d5 3. e5 c5 4. c3 Nc6 5. Nf3 Bd7 6. h4 {[%emt 0:16:00] [#] C02: French: Advance Variation.} (6. Be2 $142) 6... f6 $146 ({Predecessor:} 6... Nge7 7. g4 Qc7 8. Na3 cxd4 9. cxd4 Nc8 10. Nb5 Qa5+ 11. Bd2 Bb4 12. a3 Bxd2+ 13. Qxd2 Qxd2+ 14. Nxd2 N8e7 15. Nc7+ {1-0 (15) Kuttner,J (914)-Hickl,N (1232) IECC email 2018}) 7. Na3 (7. Bd3 $11 {keeps the balance.}) 7... fxe5 (7... cxd4 $17 8. Nxd4 Nxe5) 8. dxe5 $11 {[%emt 0:04:42] The position is equal.} a6 9. c4 d4 10. Nc2 Qc7 11. Bf4 Nh6 12. Bd3 O-O-O 13. Qe2 Nf7 14. h5 Be7 15. O-O-O Rdf8 16. g3 Kb8 17. Kb1 Ka7 18. Nce1 Rb8 19. Rc1 Nb4 20. Be4 $1 b5 21. Nd3 Nxd3 22. Qxd3 Qb6 {[%emt 0:01:35] aiming for ...bxc4.} 23. Nd2 h6 24. cxb5 axb5 25. Rc3 b4 (25... Bc8 $1 $11 26. Rb3 (26. Ra3+ Ba6 $15) 26... Ba6) 26. Rc2 $14 Rhc8 27. b3 Bb5 28. Nc4 Qa6 29. Kb2 Nd8 30. Ra1 {[%emt 0:00:18] 0x0.00166fad53aadp-1022s more active pieces. The black rooks are badly placed.} (30. Rhc1 $1 $16) 30... Bxc4 31. Rxc4 {[%emt 0:00:30] a3 is the strong threat.} Qa3+ 32. Kb1 {[%emt 0:00:58] Hoping for Bc1.} (32. Kc2 $5 ) 32... Kb6 $2 {[%emt 0:00:04][%mdl 8192] This costs Black the game.} (32... Bg5 $1 $14) 33. Bc1 $18 {[%emt 0:00:18] This bishop pair is nice.} Qa6 34. a3 bxa3 35. Rxa3 Qb5 36. Bg2 Nc6 $2 (36... Rc7 37. Bf1 Ra7) 37. Qg6 $1 Ra8 {[%emt 0:00:38] [#]} 38. Rxa8 Qxb3+ 39. Bb2 Rxa8 40. Qxe6 {[%emt 0:00:00] The board is on fire.} Qd1+ 41. Rc1 {[%emt 0:00:32] White is clearly winning.} Qd3+ (41... Qa4 $142 42. Bxc6 Qxc6 43. Qxe7 Qd5 44. Qd6+ (44. Qxg7 d3 $11) 44... Qxd6 45. exd6 Kb5) 42. Rc2 Qb5 43. Bxc6 Qxc6 44. Qxe7 d3 {[%emt 0:00:06] [#]} 45. Rc3 d2 46. Kc2 Qe4+ 47. Kxd2 Qd4+ 48. Kc1 {[%emt 0:00:15] Weighted Error Value: White=0.19 (very precise) /Black=0.39} 1-0

[Event "2nd Serbia Open Masters 2022"]
[Site "Novi Sad"]
[Date "2022.06.30"]
[Round "3.28"]
[White "Harshavardhan G B"]
[Black "Aditya Mittal"]
[Result "0-1"]
[ECO "D43"]
[WhiteElo "2367"]
[BlackElo "2490"]
[Annotator "TA"]
[PlyCount "110"]
[EventDate "2022.06.28"]
[EventType "swiss"]
[EventCountry "SRB"]
[SourceTitle "playchess.com"]
[Source "ChessBase"]
[SourceQuality "1"]
[TimeControl "40/5400+30:900+30"]

1. d4 d5 2. c4 c6 3. Nf3 Nf6 4. Nc3 e6 5. Bg5 h6 6. Bh4 g5 7. Bg3 Ne4 {[%emt 0:00:03] D43: Semi-Slav: 5 Bg5 h6.} 8. e3 Nxg3 9. hxg3 Nd7 {[%emt 0:00:03] White is slightly better.} 10. Qc2 Bg7 11. O-O-O Qe7 12. e4 g4 {[%emt 0:10:31] [#]} 13. Nd2 $146 ({Predecessor:} 13. Nh4 dxe4 14. Nxe4 Nf6 15. c5 Nxe4 16. Qxe4 Qg5+ 17. Kb1 Bd7 18. Be2 f5 19. Qc2 {½-½ (37) Bykhovsky,A (2496)-Grischuk,A (2777) Chess.com INT 2020}) 13... e5 14. exd5 {[%emt 0:07:18] Strongly threatening Re1.} exd4 15. Ne2 d3 16. Qxd3 Nc5 17. Qa3 {[%emt 0:06:06] And now Rh5 would win.} b5 (17... Bf5 $1 $14 18. Nf4 h5) 18. Nf4 (18. dxc6 $6 Bxb2+ 19. Kxb2 Na4+ 20. Kb3 Nc5+ 21. Kc3 Na4+ 22. Kb3 Nc5+ 23. Kc3 Na4+ 24. Kb3 $11) 18... b4 19. Qe3 Qxe3 20. fxe3 cxd5 21. Nxd5 Rb8 (21... O-O $14) 22. Nc7+ Ke7 23. Nd5+ Kf8 (23... Ke8 $142) 24. Be2 ({White should try} 24. Rh5 $16) 24... h5 $1 $11 25. Rdf1 b3 26. axb3 Nxb3+ 27. Nxb3 Rxb3 28. Nc3 Rh6 {[%emt 0:05:43][%mdl 1024] Black has compensation.} 29. Kc2 Rhb6 30. Nd1 Bb7 {[%emt 0:04:16] White must now prevent ...Be4+.} 31. Rf4 {[%emt 0:05:16] [#] Prevents Be4+.} (31. c5 $1 $11 {keeps the balance.} Rxb2+ 32. Nxb2 Rxb2+ 33. Kd1) 31... Be5 $1 $17 {[%emt 0:01:23] 0x0.001b69ecc84edp-1022s more active pieces. This bishop pair is nice.} (31... Bxb2 $2 32. c5 Be5 33. cxb6 $18) ({Resist} 31... Bxg2 32. Rxh5 Rxb2+ 33. Nxb2 Rxb2+ 34. Kd1 Rb1+ 35. Kd2 Rb2+ 36. Ke1 $16) 32. Rxh5 Bxf4 33. gxf4 Be4+ 34. Kc1 f5 (34... Bxg2 35. Bxg4 Rg6 36. Bf5 $11) 35. g3 Kg7 36. Rg5+ Kf6 37. Rh5 Kg7 {[%emt 0:00:45] Inhibits Rh6.} 38. Rg5+ $1 {[%emt 0:00:06] [#]} Kh6 $1 {[%emt 0:03:25] Black keeps a firm grip on the game.} 39. Rg8 Bf3 40. Bxf3 (40. c5 $17 Rc6 41. Kc2) 40... gxf3 {[%emt 0:00:00][%mdl 4096] Endgame KRR-KRN} 41. Kc2 $2 (41. Rh8+ {is a better chance.} Kg6 42. Rh2) 41... Kh7 $19 ({Stronger than} 41... f2 42. Rh8+ Kg6 43. Rh1 $17) 42. Rg5 {[%emt 0:00:09] [#]} Rxb2+ $3 {[%emt 0:00:55][%mdl 576] Deflection, Promotion} 43. Nxb2 {[%emt 0:01:33] KRN-KR} f2 44. c5 Rh6 45. Nd3 f1=Q {[%emt 0:00:07] Black mates.} 46. Kc3 Ra6 47. Ne5 Qc1+ 48. Kb4 Qa3+ 49. Kc4 Qa2+ 50. Kd4 Ra4+ 51. Kc3 Qa3+ 52. Kd2 Qb2+ 53. Kd3 Qb3+ 54. Ke2 Ra2+ 55. Kf3 Qd1# {[%emt 0:00:04] Weighted Error Value: White=0.57/Black=0.08 (flawless)} 0-1

[Event "2nd Serbia Open Masters 2022"]
[Site "Novi Sad"]
[Date "2022.06.30"]
[Round "3.29"]
[White "Kochavi, Ori"]
[Black "Song, Raymond"]
[Result "0-1"]
[ECO "B90"]
[WhiteElo "2365"]
[BlackElo "2485"]
[Annotator "TA"]
[PlyCount "120"]
[EventDate "2022.06.28"]
[EventType "swiss"]
[EventCountry "SRB"]
[SourceTitle "playchess.com"]
[Source "ChessBase"]
[SourceQuality "1"]
[TimeControl "40/5400+30:900+30"]

1. e4 c5 2. Nf3 d6 3. d4 cxd4 4. Nxd4 Nf6 5. Nc3 a6 6. h3 e5 7. Nde2 h5 {[%emt 0:00:07] B90: Sicilian Najdorf: Unusual White 6th moves, 6 Be3 Ng4 and 6 Be3 e5.} 8. Bg5 Be6 9. Ng1 Nbd7 {[%emt 0:07:34] The position is equal.} 10. Nf3 Rc8 11. Bd3 Be7 {[%emt 0:01:16] [#]} 12. O-O $146 ({Predecessor:} 12. Be3 d5 13. exd5 Bxd5 14. Nxd5 Nxd5 15. Bd2 Nb4 16. Bxb4 Bxb4+ 17. c3 Be7 18. Bf5 {½-½ (46) Grischuk,A (2775)-Donchenko,A (2641) Struga 2021}) 12... O-O 13. Qe2 b5 14. a3 Nb6 15. Rfd1 Nfd7 16. Bxe7 Qxe7 17. Nd2 g6 18. Nf1 Nc5 19. Ne3 Qg5 20. Qf3 f5 21. exf5 gxf5 22. Be2 Rcd8 23. Ned5 Nxd5 24. Nxd5 h4 $1 25. b4 Na4 26. Nc7 Bf7 27. Qc6 (27. Nxa6 e4 28. Qe3 Qxe3 29. fxe3 Nc3 $17) 27... Qe7 ({Black should play} 27... e4 $11) 28. Nxa6 (28. Nd5 $1 $14 Bxd5 29. Rxd5 (29. Qxd5+ Kh7 $11)) 28... d5 29. Bxb5 Rd6 30. Qc7 Qxc7 31. Nxc7 Nc3 32. Rd3 (32. Re1 $11 Rc8 33. Rxe5 $1) 32... d4 $17 33. a4 (33. Ba6 $17) 33... Rc8 $19 34. Na6 (34. Rxc3 $142 dxc3 35. Na6) 34... Nxb5 35. axb5 {[%emt 0:00:05] And now Nc5 would win.} Rxc2 36. Nc5 e4 $1 37. Rdd1 d3 $1 38. Ra6 Rd4 39. b6 {[%emt 0:05:50] Hoping for Ra8+.} Rxb4 40. b7 Kg7 ({Inferior is} 40... Rxc5 41. Ra8+ Kg7 42. b8=Q Rxb8 43. Rxb8 $17) 41. Ra8 Rcb2 ({Black should try} 41... Rxc5 $17 42. b8=Q Rxb8 43. Rxb8 Bh5) 42. Rd8 $15 Rb5 43. f3 $1 Rxc5 44. b8=Q Rxb8 45. Rxb8 {[%emt 0:00:03][%mdl 4096] Endgame KRR-KRB} Rc2 (45... e3 $15 46. Rxd3 Rc1+ 47. Kh2 e2) 46. Rb7 (46. fxe4 $11 fxe4 47. Rb7) 46... Kg6 (46... e3 $1 $15 47. Rxd3 Rc1+ 48. Kh2 e2) 47. Rd7 (47. fxe4 $11 fxe4 48. Rf1) 47... Bc4 {[%emt 0:01:06] White must now prevent ...e3. Black is more active.} 48. fxe4 fxe4 49. Re1 (49. Re7 $17 {was the only chance.} Re2 50. Rc7) 49... Be6 $2 ({Better is} 49... Kf5 $19 {aiming for ...d2.} 50. Rd4 d2 51. Rexe4 d1=Q+ 52. Rxd1 Kxe4) 50. Rd4 $11 ({Don't go for} 50. Rd6 $2 Kf5 51. Rd4 d2 52. Rexe4 d1=Q+ 53. Rxd1 Kxe4 $19) 50... Bf5 51. Kf1 (51. Rf1 $11) 51... Kg5 {[%emt 0:00:56][%mdl 1024] ...Kf4 is the strong threat. Black has strong compensation.} 52. Re3 $2 {[%emt 0:00:28][%mdl 8192] [#] Loses the game.} (52. Rd5 $17 Kf4 53. Kg1) 52... Rc3 $1 $19 53. Kf2 {[%emt 0:01:06] [#]} Kf4 54. Re1 Rc2+ 55. Kf1 d2 56. Rd1 Ke3 57. Ra4 Rc3 (57... Rc1 58. Ra3+ Kf4 59. Ke2 Rxd1 60. Kxd1) 58. Ra2 Rd3 {[%emt 0:00:05] ( -> ...Bd7)} 59. g4 hxg3 60. Kg2 Be6 {[%emt 0:00:40] Weighted Error Value: White=0.64/Black=0.16 (very precise)} 0-1

[Event "2nd Serbia Open Masters 2022"]
[Site "Novi Sad"]
[Date "2022.06.30"]
[Round "3.30"]
[White "Pranav Vijay"]
[Black "Tsolakidou, Stavroula"]
[Result "1-0"]
[ECO "B94"]
[WhiteElo "2265"]
[BlackElo "2358"]
[Annotator "TA"]
[PlyCount "73"]
[EventDate "2022.06.28"]
[EventType "swiss"]
[EventCountry "SRB"]
[SourceTitle "playchess.com"]
[Source "ChessBase"]
[SourceQuality "1"]
[TimeControl "40/5400+30:900+30"]

1. e4 c5 2. Nf3 d6 3. d4 cxd4 4. Nxd4 Nf6 5. Nc3 a6 6. Bg5 Nbd7 7. Bc4 Qb6 {[%emt 0:00:34] B94: Sicilian Najdorf: 6 Bg5 Nbd7.} 8. O-O Qc5 9. Bd5 g6 (9... e6 $11) 10. Qd2 $14 Bg7 11. Rad1 O-O {[%emt 0:01:19] [#]} 12. Bh6 $146 ({Predecessor:} 12. Rfe1 Nb6 13. Bh6 Bg4 14. Bxg7 Kxg7 15. f3 Bd7 16. Kh1 Rab8 17. Bb3 Rbc8 18. f4 {½-½ (44) Bobras,P (2520)-Vorobiov,E (2574) Czech Republic 2015}) 12... Nb6 13. Bb3 Ng4 (13... Bg4 $11) 14. Bxg7 $16 Kxg7 15. Nd5 Nxd5 16. exd5 Nf6 17. Rfe1 Re8 $1 (17... Bg4 18. Rxe7 Ng8 19. Rxb7 $1 $16) 18. h3 Bd7 19. Qf4 a5 {[%emt 0:17:15] [#] White leaves nothing to chance now.} (19... b5 $14) 20. a4 $1 {[%emt 0:03:48][%cal Ba2a4,Ba4b5][%mdl 32] White is more active.} Kg8 21. Qh4 Rac8 22. Rd3 Qb4 (22... b5 $142) 23. c3 Qc5 (23... Qb6 $16 24. Rde3 Qd8) 24. Qh6 b5 $2 (24... Qc7 {was called for.} 25. Rde3 Qd8) 25. axb5 $18 a4 26. Ba2 ({Much less strong is} 26. Bxa4 $6 Qc4 $18) 26... Kh8 27. c4 Qb4 28. Qd2 $40 {[%emt 0:03:13][%mdl 128] Black is in trouble.} Rxc4 (28... Qxd2 29. Rxd2 Kg7) 29. Bxc4 Qxc4 30. Nc6 Qxb5 31. Nxe7 {[%emt 0:00:12] Hoping for Qc3.} Kg7 32. Rf3 Nxd5 33. Qd4+ ({Not} 33. Nxd5 Rxe1+ 34. Qxe1 Qxd5 35. Qc3+ (35. Qe7 Bc6 $16) 35... Qe5 $18) 33... f6 {[%emt 0:00:24] [#]} 34. Re4 $1 Bc6 (34... Qc5 35. Nxd5) 35. Nxd5 Rxe4 36. Qxf6+ Kh6 37. Qf8+ {[%emt 0:00:05] Weighted Error Value: White=0.08 (flawless) /Black=0.51} 1-0

[Event "2nd Serbia Open Masters 2022"]
[Site "Novi Sad"]
[Date "2022.06.30"]
[Round "3.31"]
[White "Hristodoulou, Panagiotis"]
[Black "Karthik Venkataraman"]
[Result "1/2-1/2"]
[ECO "B87"]
[WhiteElo "2328"]
[BlackElo "2480"]
[Annotator "TA"]
[PlyCount "46"]
[EventDate "2022.06.28"]
[EventType "swiss"]
[EventCountry "SRB"]
[SourceTitle "playchess.com"]
[Source "ChessBase"]
[SourceQuality "1"]
[TimeControl "40/5400+30:900+30"]

1. e4 c5 2. Nf3 d6 3. d4 cxd4 4. Nxd4 Nf6 5. Nc3 a6 6. Bc4 e6 7. Be3 Be7 8. Bb3 b5 9. a3 O-O 10. Qe2 Bb7 11. f3 {[%emt 0:00:43] B87: Sicilian Scheveningen/Najdorf: 6 Bc4, with early ...b5.} Nc6 12. O-O-O Qa5 13. Qe1 Qc7 14. Kb1 {[%emt 0:03:55] [#]} Nd7 $146 ({Black should try} 14... Nxd4 $15 15. Bxd4 Rfe8) ({Predecessor:} 14... Nxd4 15. Bxd4 Bc6 16. g4 a5 17. g5 Nh5 18. Ne2 b4 19. Qh4 a4 20. Ba2 b3 21. cxb3 axb3 22. Bxb3 {0-1 (49) Kobalia,M (2430)-Sakaev,K (2570) St Petersburg 1995}) 15. h4 Nc5 16. Ba2 Rab8 17. Bg5 Rfe8 18. Qg3 Bf8 {[%emt 0:01:39] [#]} 19. Nf5 $1 exf5 20. Nd5 $1 Qc8 {[%emt 0:00:42] ...Ne5 is the strong threat.} 21. Nb6 {[%emt 0:00:12][%mdl 1024] White has compensation.} (21. Nf6+ $5 Kh8 22. Nxe8 Qxe8 23. exf5 $11) 21... Qc7 22. Nd5 Qc8 {[%emt 0:00:45] [#] aiming for ...Ne5.} 23. Nb6 (23. Nf6+ $5 Kh8 24. Nxe8 Qxe8 25. exf5 $11) 23... Qc7 {[%emt 0:13:06] Weighted Error Value: White=0.19 (very precise) /Black=0.21 (precise)} 1/2-1/2

[Event "2nd Serbia Open Masters 2022"]
[Site "Novi Sad"]
[Date "2022.06.30"]
[Round "3.32"]
[White "Arjun Kalyan"]
[Black "Vardaan Nagpal"]
[Result "1-0"]
[ECO "C42"]
[WhiteElo "2477"]
[BlackElo "2357"]
[Annotator "TA"]
[PlyCount "79"]
[EventDate "2022.06.28"]
[EventType "swiss"]
[EventCountry "SRB"]
[SourceTitle "playchess.com"]
[Source "ChessBase"]
[SourceQuality "1"]
[TimeControl "40/5400+30:900+30"]

1. e4 e5 2. Nf3 Nf6 3. Nxe5 d6 4. Nf3 Nxe4 5. Nc3 Nxc3 6. dxc3 Be7 7. Bf4 O-O 8. Qd2 Nd7 9. O-O-O Nc5 10. h4 {[%emt 0:00:10] 10.Bc4 is the modern continuation. C42: Petroff Defence: 3 Nxe5 and unusual White 3rd moves.} Re8 11. Ng5 {[%emt 0:00:37] Against Ne4} h6 12. Bc4 {[%emt 0:00:12] [#] White has an edge.} Ne6 $146 (12... hxg5 13. hxg5 Be6 14. Rh2 $15) (12... Bxg5 $11 13. hxg5 Ne4) ({Predecessor:} 12... hxg5 13. hxg5 d5 14. Bxd5 Be6 15. Qe3 Bd6 16. Bxd6 cxd6 17. Qg3 Rc8 18. b4 Bxd5 19. Rxd5 {½-½ (34) Boehme,S (2482)-Bogomolov,A (2183) LSS email 2016}) 13. Bxe6 {[%emt 0:26:17] 0x0.00207cdfa097dp-1022s more active pieces.} Bxe6 {[%emt 0:12:33] [#]} 14. Qd3 $1 hxg5 $11 15. hxg5 {[%emt 0:01:10] Qh7+ would kill now.} f5 (15... Bxg5 $2 16. Qh7+ Kf8 17. Qh8+ Ke7 18. Bxg5+ Kd7 19. Bxd8 $18) 16. Qg3 (16. gxf6 $2 Bxf6 17. Be3 Qe7 $19) (16. Qh3 $1 $11 Bxg5 17. Qh8+ Kf7 18. Qh5+ g6 19. Qxg5 Qxg5 20. Bxg5) 16... Kf8 17. Rh8+ Bg8 18. Qd3 (18. b3 $17 {was necessary.}) 18... Bxg5 $19 19. Qxf5+ Bf6 20. Qd5 Ke7 21. Qxb7 {[%emt 0:01:49] [#]} Qd7 (21... Kf8 22. Qd5 Ke7 23. Qe4+ (23. Re1+ Kd7 $17) 23... Be6 24. Rxe8+ Qxe8 25. Qb7 $17) (21... Bxa2 22. Rxe8+ (22. Re1+ Be6 $17) 22... Kxe8 23. b3 $14) ({Black should play} 21... Rb8 $1 $19 22. Qxa7 Kf8) 22. g4 $2 (22. Rxg8 $1 $11 Rxg8 23. Re1+ Be5 24. Bxe5 dxe5 25. Rxe5+ Kf6 26. Rc5) 22... Rab8 (22... Bxa2 23. Rxe8+ Rxe8 24. g5 Bxc3 25. bxc3 $11) 23. Qxa7 (23. Qe4+ Kd8 24. Qd3) 23... Ra8 24. Qb7 Rxa2 {[%emt 0:02:51] ...Ra1+ is the strong threat.} 25. Re1+ Be5 {[%emt 0:03:00] And now ...Ra1+ would win.} 26. Re3 (26. Kd2 $142 Kf8 27. Qd5) 26... Ra1+ 27. Kd2 Be6 $2 (27... Qxg4 $19 28. Qf3 Qxf3 29. Rxf3 Rf1 30. Bxe5 dxe5) 28. Bg5+ $11 Kf7 $2 {[%emt 0:00:39] [#]} (28... Bf6 $1 $11 29. Bxf6+ Kxf6 30. g5+ Kxg5 31. Qg2+ Bg4 32. Rexe8 (32. f4+ $2 Kf5 $19) 32... Rd1+ 33. Ke3 Re1+ 34. Kd2 Rxe8 35. Rxe8 Qxe8) 29. Rf3+ $1 $18 ({Don't go for} 29. Qf3+ $2 Kg6 30. Qe4+ Kxg5 $19) 29... Bf6 {[%emt 0:00:27] [#]} 30. Rxf6+ $1 gxf6 31. Rh7+ Kg8 $2 (31... Kg6 {might work better.} 32. Rxd7 Bxd7) 32. Rxd7 Bxd7 33. Bxf6 Bxg4 34. c4 ({Less strong is} 34. f3 Ree1 35. c4 Rad1+ 36. Kc3 Re3+ 37. Kb4 Rxf3 $18) 34... Rd1+ 35. Kc3 Kf7 36. Bh4 Re2 37. Qxc7+ Kg6 38. Qd8 {[%emt 0:00:29] White wants to mate with Qf6+.} Be6 39. Qg5+ Kh7 40. Qh5+ {[%emt 0:00:00] Never resign too early!  Weighted Error Value: White=0.38/Black=0.91} 1-0

[Event "2nd Serbia Open Masters 2022"]
[Site "Novi Sad"]
[Date "2022.06.30"]
[Round "3.33"]
[White "Parkhov, Yair"]
[Black "Levin, Guy"]
[Result "1-0"]
[ECO "E49"]
[WhiteElo "2460"]
[BlackElo "2354"]
[Annotator "TA"]
[PlyCount "112"]
[EventDate "2022.06.28"]
[EventType "swiss"]
[EventCountry "SRB"]
[SourceTitle "playchess.com"]
[Source "ChessBase"]
[SourceQuality "1"]
[TimeControl "40/5400+30:900+30"]

1. d4 d5 2. c4 e6 3. Nc3 Bb4 4. e3 Nf6 5. a3 Bxc3+ 6. bxc3 c5 7. cxd5 exd5 8. Bd3 O-O 9. Ne2 b6 10. O-O Ba6 11. Bxa6 Nxa6 12. Qd3 Qc8 {[%emt 0:45:30] [#]} 13. Nf4 $146 {[%emt 0:17:51] E49: Nimzo-Indian: Rubinstein: 5 Bd3 d5 6 a3 Bxc3+ 7 bxc3.} ({Predecessor:} 13. f3 Re8 14. Ng3 Qb7 15. Ra2 Re6 16. Re2 Rae8 17. Rfe1 h5 18. Nh1 b5 19. Nf2 b4 20. cxb4 cxb4 21. Qb3 {0-1 (38) Navara,D (2697)-Abasov,N (2664) Tornelo INT 2021}) 13... cxd4 14. cxd4 Nc7 15. f3 {[%emt 0:13:56] White is slightly better.} Re8 16. Bd2 Ne6 17. Ne2 Qd7 18. Be1 h6 19. Bh4 Ng5 20. Ng3 Rac8 21. Rae1 Qc6 22. Bxg5 (22. Nf5 $1 $14) 22... hxg5 $11 23. Qf5 Nh7 $1 24. e4 Qc3 25. Rd1 Qxa3 26. Qxd5 Red8 27. Qe5 f6 (27... g6 $14) 28. Qe6+ $16 Kh8 29. Qf7 {[%emt 0:02:29] Threatens to win with Nf5.} Nf8 {[%emt 0:01:36] [#]} 30. d5 (30. f4 $1 $16) 30... Rd7 $14 31. Qh5+ Kg8 32. Qg4 Qe3+ 33. Kh1 {[%emt 0:00:12] aiming for f4.} Qf4 34. Qxf4 gxf4 35. Nh5 Ng6 36. g3 fxg3 37. Rg1 Kf7 {[%emt 0:01:41] ...gxh2 is the strong threat.} 38. Rxg3 {[%emt 0:01:46] [#] Black must now prevent Rdg1.} Rh8 39. Rdg1 Rxh5 40. Rxg6 $11 {[%emt 0:00:00][%mdl 4096] Endgame KRR-KRR} Kf8 41. Rc1 Kf7 42. Rg2 Rh3 43. Rf2 g5 44. Rc6 Rh4 45. Kg2 b5 46. Ra2 f5 (46... Kg6 $11 {keeps the balance.}) 47. e5 $16 {[%emt 0:02:47] Hoping for e6+. White is more active.} ({Worse is} 47. exf5 b4 $11) 47... Rxd5 (47... Re7 $16 {might work better.}) 48. Rxa7+ $18 Ke8 49. Re6+ Kf8 (49... Kd8 $2 50. Rg6 Rd2+ 51. Kf1 $18) 50. Rf6+ Ke8 51. Rxf5 g4 (51... Rd7 52. Ra8+ Rd8 53. Rxd8+ (53. Rxg5 Rxa8 54. Rg8+ Kf7 $16) 53... Kxd8 54. Rxg5 Kc7) 52. Kg3 $1 Rh3+ 53. Kxg4 Rxh2 54. f4 b4 55. Rff7 Rg2+ 56. Kf5 b3 {[%emt 0:00:06] Weighted Error Value: White=0.12 (very precise) /Black=0.40} 1-0

[Event "2nd Serbia Open Masters 2022"]
[Site "Novi Sad"]
[Date "2022.06.30"]
[Round "3.34"]
[White "Marn, Jan"]
[Black "Pranav Anand"]
[Result "0-1"]
[ECO "E04"]
[WhiteElo "2282"]
[BlackElo "2479"]
[Annotator "TA"]
[PlyCount "108"]
[EventDate "2022.06.28"]
[EventType "swiss"]
[EventCountry "SRB"]
[SourceTitle "playchess.com"]
[Source "ChessBase"]
[SourceQuality "1"]
[TimeControl "40/5400+30:900+30"]

1. d4 d5 2. c4 e6 3. g3 Nf6 4. Nf3 dxc4 5. Bg2 a6 6. O-O Nc6 7. e3 Bd7 8. Qe2 b5 {[%emt 0:00:03] 8...Bd6 deserves study.} 9. b3 {[%emt 0:00:40] E04: Open Catalan: 5 Nf3.} cxb3 10. axb3 Be7 11. Bd2 {[%emt 0:05:00][%mdl 1024] White has compensation. White is slightly better.} O-O 12. Rc1 Bd6 13. Ne1 Qe8 $1 14. Nd3 e5 {[%emt 1:35:59] [#]} 15. d5 $146 (15. Nxe5 $11 Nxe5 16. Bxa8 Qxa8 17. dxe5) ({Predecessor:} 15. Bxc6 Bxc6 16. Rxc6 Qxc6 17. dxe5 Bxe5 18. Nxe5 Qd5 19. Nf3 Qxb3 20. Ba5 c5 21. Nbd2 {0-1 (38) Kunte,A (2485)-Short,N (2636) Bangkok 2019}) 15... Ne7 $15 16. e4 $1 c6 17. Bg5 cxd5 18. Bxf6 gxf6 19. exd5 f5 20. Nd2 Ng6 21. Qh5 (21. b4 $15) 21... Kg7 (21... e4 $17 22. Nc5 Bxc5 23. Rxc5 Qe5) 22. b4 e4 23. Nc5 Bc8 24. Ndb3 Qe5 {[%emt 0:00:00] Inhibits Nd4.} 25. Rd1 Rd8 26. Rac1 $1 Ne7 27. Na5 Qf6 28. Qe2 ({Of course not} 28. Nc6 Nxc6 29. dxc6 Bxc5 30. Rxc5 Rxd1+ 31. Qxd1 a5 32. bxa5 (32. Rxb5 axb4 33. Rxb4 Ra1 $17) 32... Rxa5 $17) 28... Be5 29. Nc6 $1 {[%emt 0:02:39] Pair of Knights!} Rxd5 (29... Nxc6 {is interesting.} 30. dxc6 Rxd1+ 31. Qxd1 Qd6) 30. Rxd5 (30. Nxe4 $11 Rxd1+ 31. Qxd1 fxe4 32. Nxe7 Qxe7 33. Rxc8 Rxc8 34. Qg4+ Kh6 35. Qh3+ Kg7 36. Qg4+ Kh6 37. Qh3+ Kg7 38. Qg4+) 30... Nxd5 $17 31. Nxe5 Qxe5 32. Qh5 Nf6 (32... f6 $17 33. Qd1 Be6) 33. Qg5+ $11 Kh8 34. Nd3 (34. Nxe4 $11 Nxe4 35. Bxe4 Qxe4 36. Qf6+ Kg8 37. Qd8+ Kg7 38. Qg5+ Kh8 39. Qf6+ Kg8 40. Qd8+ Kg7 41. Qg5+ Kh8) 34... Qd4 $17 35. Nf4 {[%emt 0:00:26][%cal Of4d5] [#]} Bd7 $1 36. Nh5 (36. Ne2 $17 Qb2 37. Rd1) 36... Nxh5 $19 ({And not} 36... Ng4 37. Qf4 $17) 37. Qxh5 {[%emt 0:00:03] Strongly threatening Rd1.} Be6 38. h4 $2 {[%emt 0:01:02] This costs White the game.} (38. Qh6 $17) 38... Rg8 39. Qh6 (39. Qd1 $142 Qxb4 40. Kh2) 39... Rxg3 40. Kh2 Rg8 (40... Qxf2 $142 41. Qf8+ Rg8 42. Qxg8+ Kxg8 43. Kh1 e3 44. Rf1 Qxh4+ 45. Kg1 e2 46. Rb1 f4 47. Bc6 Qg3+ 48. Kh1 f3 49. Bxf3 Qxf3+ 50. Kg1 Qg3+ 51. Kh1 Bd5#) 41. Qf4 Rg4 42. Qh6 Qg7 (42... Qxf2 $142 43. Qf8+ Rg8 44. Qxg8+ Kxg8 45. Kh1 e3 46. Rf1 Qxh4+ 47. Kg1 e2 48. Rc1 f4 49. Be4 Qg3+ 50. Kh1 f3 51. Bxf3 Qxf3+ 52. Kh2 Qf2+ 53. Kh1 Bd5#) 43. Qxg7+ {[%emt 0:01:53] Black is clearly winning.} Kxg7 {[%emt 0:00:17][%mdl 4096] Endgame KRB-KRB} 44. Bh3 Rxh4 {[%emt 0:00:23] [#] Threatens to win with ...f4.} 45. Kg3 Rh6 {[%emt 0:00:06][%cal Of5f4] White must now prevent ...f4+!} 46. Bf1 Bc4 {[%emt 0:01:34] Inhibits Be2.} 47. Bxc4 {[%emt 0:00:37] KRB-KR} Rc6 48. Kf4 Rxc4 {[%emt 0:00:48] KR-KR} 49. Rg1+ Kf6 {[%emt 0:00:06] ( -> ...Rc3)} 50. Rh1 Rxb4 51. Rh6+ Kg7 52. Rxa6 Rb2 53. Kxf5 Rxf2+ 54. Kxe4 Rf6 {[%emt 0:00:16] Weighted Error Value: White=0.74/Black=0.40} 0-1